 Dungeon Crawl Stone Soup version 0.23.2-40-g277498a001 (webtiles) character file.

Game seed: 5417894258440419936

50 Martska the Ducker (level 3, -2/26 HPs)
             Began as a Merfolk Ice Elementalist on Oct 1, 2019.
             Slain by a leopard gecko (4 damage)
             ... on level 2 of the Dungeon.
             The game lasted 00:07:12 (3046 turns).

Martska the Ducker (Merfolk Ice Elementalist)       Turns: 3046, Time: 00:07:13

Health: -2/26      AC:  2    Str:  8    XL:     3   Next: 79%
Magic:  2/6        EV: 14    Int: 14    God:
Gold:   43         SH:  0    Dex: 15    Spells: 0/6 levels left

rFire    . . .     SeeInvis .   h - +0 spear
rCold    . . .     Gourm    .   (no shield)
rNeg     . . .     Faith    .   a - +0 robe
rPois    .         Spirit   .   (no helmet)
rElec    .         Reflect  .   (no cloak)
rCorr    .         Harm     .   (no gloves)
MR       .....                  (no boots)
Stlth    ++........             (no amulet)
HPRegen  0.08/turn              (no ring)
MPRegen  0.10/turn              (no ring)

@: very slightly contaminated
A: change form in water, swift swim, stealthy swim
a: no special abilities


You were on level 2 of the Dungeon.
You were not hungry.

You visited 1 branch of the dungeon, and saw 2 of its levels.

You collected 43 gold pieces.

Inventory:

Hand Weapons
 d - a +0 whip of flaming
 h - a +0 spear (weapon)
Armour
 a - a +0 robe (worn)
Scrolls
 b - a scroll of remove curse {unknown}
 f - a scroll of identify {unknown}
 g - a scroll of fog {unknown}
 i - a scroll of immolation {unknown}
 l - a scroll of amnesia {unknown}
 m - a scroll of enchant armour {unknown}
Potions
 e - 4 potions of curing {unknown}
 j - 2 potions of ambrosia {unknown}
 k - a potion of brilliance {unknown}


   Skills:
 * Level 1.5 Fighting
 * Level 1.1 Polearms
 * Level 3.6 Dodging
 + Level 2.5 Stealth
 + Level 2.3 Spellcasting
 - Level 0.7 Conjurations
 + Level 0.1 Charms
 + Level 3.5 Ice Magic


You couldn't memorise any spells.
You knew the following spells:

 Your Spells              Type           Power        Failure   Level  Hunger
a - Freeze                Ice            ##..         5%          1    #......
b - Throw Frost           Conj/Ice       #.....       14%         2    ###....
c - Ozocubu's Armour      Chrm/Ice       #.......     32%         3    ###....

Your spell library contained the following spells:

 Spells                   Type           Power        Failure   Level  Hunger
 Throw Icicle             Conj/Ice       #.......     67%         4    #####..
 Summon Ice Beast         Ice/Summ       #.......     73%         4    #####..


Dungeon Overview and Level Annotations

Branches:
Dungeon (2/15)

Altars:
Fedhas


Message History

Casting: Freeze (safe; 5% risk of failure)
Confirm with . or Enter, or press ? or * to list all spells.
Aiming: Freeze (safe; 5% risk of failure)
Press: ? - help, Shift-Dir - straight line, f/p - worm
Aim: a worm (heavily wounded)
You freeze the worm.
The worm is almost dead.
The leopard gecko barely misses you. The leopard gecko closely misses you.
You hit the worm.
The worm is almost dead.
The worm bites you! The leopard gecko closely misses you.
You hit the worm but do no damage.
The worm is almost dead.
The leopard gecko bites you. The worm bites you!
* * * LOW HITPOINT WARNING * * *
The leopard gecko closely misses you. The leopard gecko closely misses you.
The leopard gecko bites you but does no damage.
The leopard gecko bites you.
You die...

.# #.##.####....# #.#..#... .#
#.##.####....####.###.#.#. .##
#........).......# ##..#. ..#
#.##.####..#.##.#.###.###.
..######.##.# ##.......##.#..###.
........w...###.........#.....##.
#.##.#.####...........#...###.##.
..##.#.# #.###l..........# #.##.
####.#.####.###.@....<.#..###....
#.#................##......###
..####.#####.....<...)........ .
### #.# #>..(...#.##....### .##
#.# ###..####.#........ ..# #.#
#..# #.#.#.#.#.# ..#
#.#######..## #.#........ ..#
#...........###.#.#.#.#.. ..#
#########)...............


You could see a leopard gecko.

Vanquished Creatures
  An adder (D:2)
  A worm (D:2)
  2 leopard geckos
  3 giant cockroaches
  4 hobgoblins
  2 jackals (D:1)
  5 kobolds
  5 bats
  A frilled lizard (D:2)
  6 goblins
  5 rats
35 creatures vanquished.

Notes
Turn   | Place    | Note
-------+----------+-------------------------------------------
     0 | D:1      | Martska the Merfolk Ice Elementalist began the quest for
                  | the Orb.
     0 | D:1      | Reached XP level 1. HP: 13/13 MP: 3/3
   224 | D:1      | Reached XP level 2. HP: 17/20 MP: 0/5
   477 | D:1      | Learned a level 2 spell: Throw Frost
   532 | D:1      | Reached skill level 1 in Fighting
  1465 | D:2      | Reached XP level 3. HP: 19/26 MP: 1/6
  1571 | D:2      | Learned a level 3 spell: Ozocubu's Armour
  2045 | D:2      | Found a blossoming altar of Fedhas.
  2548 | D:2      | Reached skill level 1 in Polearms
  3030 | D:2      | HP: 1/26 [worm (7)]
  3046 | D:2      | Slain by a leopard gecko

Skill      XL: |  1  2  3 |
---------------+----------+-----
Dodging        | 3 |  3.6
Fighting       | 1 |  1.5
Polearms       | 1 |  1.1
Stealth        | |  2.5
Spellcasting   | |  2.3
Conjurations   | |  0.7
Charms         | |  0.1
Ice Magic      | |  3.5

Action                   || total
-------------------------++-------
Melee: Unarmed           ||    14
       Whip              ||    34
       Spear             ||    56
 Cast: Freeze            ||    40
 Stab: Sleeping          ||     2
  Eat: Chunk             ||     3
       Ration            ||     2
Armor: Robe              ||    22
Dodge: Dodged            ||   123
